 Dungeon Sprint DCSS version 0.32-a0-350-g4f4d228785 (webtiles) character file.

Game seed: 17772606582207038338

4418 rocky1 the Protected (level 10, -4/97 HPs)
             Began as a Mountain Dwarf Cinder Acolyte on Feb 18, 2024.
             Was a Follower of Okawaru.
             Slain by a fire elemental (11 damage)
             ... created by the fiery vengeance of Ignis
             ... in the Dungeon (Sprint VII: "The Pits").
             The game lasted 00:06:50 (1352 turns).

rocky1 the Protected (MDCA)                         Turns: 1352, Time: 00:06:50

Health: -4/97      AC: 17    Str: 21    XL:     10   Next: 14%
Magic:  21/21      EV:  9    Int: 15    God:    Okawaru [*.....]
Gold:   0          SH:  0    Dex:  5    Spells: 22/24 levels left

rFire   . . .        t - +7 lajatang of Order {silver, rMut}
rCold   . . .        (shield currently unavailable)
rNeg    . . .        m - +3 chain mail
rPois   .            (no helmet)
rElec   .            o - +0 cloak
rCorr   .            (no gloves)
SInv    .            (no boots)
Will    +....        (no amulet) Stlth
                     (no ring)
HPRegen 0.36/turn    (no ring)
MPRegen 0.17/turn

%: no teleportation, resist mutation
@: fire susceptible
A: runic magic, artefact enchanting
a: Renounce Religion, Heroism


You were in the Dungeon.
You worshipped Okawaru.
Okawaru was aware of your devotion.
You visited 1 branch

Inventory:

Hand Weapons
 a - a -1 mace of flaming
 n - a +1 heavy flail
 s - a +2 heavy dire flail
 t - the +7 lajatang of Order (weapon) {silver, rMut}
   (You found it in the Dungeon)

   rMut:      It protects you from mutation.
Armour
 b - a +0 robe
 m - a +3 chain mail (worn)
 o - a +0 cloak (worn)
Jewellery
 p - a +3 ring of strength
 q - a +3 ring of evasion
Scrolls
 h - a scroll of blinking
 j - 2 scrolls of vulnerability
 k - 5 scrolls of amnesia
 l - a scroll of summoning
Potions
 c - 9 potions of curing
 e - a potion of haste
 f - 4 potions of magic
 g - 3 potions of berserk rage
 i - 2 potions of invisibility
 r - a potion of mutation


   Skills:
 + Level 11.9 Fighting
 - Level 13.2(14.0) Maces & Flails
 * Level 7.2(10.6) Staves
 * Level 13.5 Armour
 - Level 1.0 Stealth
 + Level 7.9 Spellcasting
 + Level 10.6 Fire Magic
 * Level 3.5 Invocations


You had 22 spell levels left.
You knew the following spells:

 Your Spells              Type           Power      Damage    Failure   Level
a - Scorch                Fire           74%        2d8       1%          2

Your spell library contained the following spells:

 Spells                   Type           Power      Damage    Failure   Level


Dungeon Overview and Level Annotations

Branches:
Dungeon (1/1)

Altars:
Ashenzari
Cheibriados
Dithmenos
Elyvilon
Fedhas
Gozag
Hepliaklqana
Kikubaaqudgha
Makhleb
Nemelex Xobeh
Okawaru
Qazlal
Ru
Sif Muna
Trog
Uskayaw
Vehumet
Wu Jian
Xom
Yredelemnul
Zin
The Shining One
Beogh
Jiyva
Lugonu


Innate Abilities, Weirdness & Mutations

Your spellcasting is much less encumbered by armour.
You can use scrolls of enchantment on lesser artefacts.


Message History

You hit the orc priest but do no damage.
You barely miss the orc priest.
The orc priest hits you but does no damage.
You slice the orc priest!!
You kill the orc priest!
Okawaru accepts your kill.
You closely miss the orc. The orc hits you but does no damage.
You closely miss the orc.
You carefully extract the barbed spikes from your body.
The orc hits you but does no damage.
You closely miss the orc. The orc hits you with a +0 dagger.
* * * LOW HITPOINT WARNING * * *
You slash the orc!
You kill the orc!
Okawaru accepts your kill.
You close the door, pushing everything out of the way.
Items here: ) [ ††††.
You start resting.
Ignis calls forth spirits of fire to unmake you! 3 fire elementals come into view.
Unknown command.
You slice the fire elemental!!
The fire elemental is almost destroyed.
You slice the fire elemental!!
You destroy the fire elemental!
That felt strangely unrewarding.
You barely miss the fire elemental. The fire elemental hits you.
The fire elemental burns you!
* * * LOW HITPOINT WARNING * * *
The fire elemental hits you. The fire elemental burns you!
* * * LOW HITPOINT WARNING * * *
Unknown command.
You closely miss the fire elemental. The fire elemental hits you.
The fire elemental burns you!
* * * LOW HITPOINT WARNING * * *
The fire elemental closely misses you.
Unknown command.
You closely miss the fire elemental. The fire elemental hits you.
The fire elemental burns you!
You die...

....##..# <...##..####
#+# ....##..#..#####.##
....##..#....##...#
....##.('.....#...#
######..'.....'...+
######..'.....#...#
..[[##..#....##EE.#
..[[##..#..#####@##
..))##..#### #+#
..))##..##5ho...........
....##..#ooh...........#
########################


You could see 2 fire elementals.

Vanquished Creatures
  A death yak (D)
  A shadow wraith (D)
  A sea snake (D)
  A bog body (D)
  A manticore (D)
  A cyclops (D)
  A red devil (D)
  A small abomination (D)
  A fire elemental (D)
  A chaos spawn (D)
  2 water moccasins (D)
  A crocodile (D)
  4 wolves (D)
  A phantom (D)
  A quasit (D)
  A jelly (D)
  A gnoll bouda (D)
  4 orc priests (D)
  Crazy Yiuf (D)
  An iguana (D)
  3 adders (D)
  A gnoll (D)
  2 river rats (D)
  An ufetubus (D)
  4 orcs (D)
  An endoplasm (D)
  A giant cockroach (D)
  3 jackals (D)
  2 ball pythons (D)
  A kobold (D)
46 creatures vanquished.

Vanquished Creatures (others)
  103 foxfires (D)
103 creatures vanquished.

Grand Total: 149 creatures vanquished

Notes
Turn   | Place    | Note
-------+----------+-------------------------------------------
     0 | D        | rocky1 the Mountain Dwarf Cinder Acolyte began the quest
                  | for the Orb.
     0 | D        | Reached XP level 1. HP: 19/19 MP: 2/2
    20 | D        | Found a bloodstained altar of Trog.
    20 | D        | Found a shimmering blue altar of Sif Muna.
    20 | D        | Found a viscous altar of Jiyva.
    20 | D        | Found a hazy altar of Hepliaklqana.
    20 | D        | Found an opulent altar of Gozag.
    21 | D        | Found a glowing golden altar of the Shining One.
    21 | D        | Found a glowing silver altar of Zin.
    21 | D        | Found a basalt altar of Yredelemnul.
    21 | D        | Found a shimmering altar of Xom.
    21 | D        | Found an ornate altar of the Wu Jian Council.
    21 | D        | Found a sacrificial altar of Ru.
    21 | D        | Found a stormy altar of Qazlal.
    21 | D        | Found an iron altar of Okawaru.
    21 | D        | Found a sparkling altar of Nemelex Xobeh.
    21 | D        | Found a burning altar of Makhleb.
    21 | D        | Found a blossoming altar of Fedhas.
    21 | D        | Found a white marble altar of Elyvilon.
    21 | D        | Found a shadowy altar of Dithmenos.
    21 | D        | Found a snail-covered altar of Cheibriados.
    65 | D        | Reached XP level 2. HP: 24/27 MP: 3/3
    69 | D        | Reached skill level 5 in Maces & Flails
    69 | D        | Reached skill level 5 in Fire Magic
    73 | D        | Reached skill level 5 in Fighting
    73 | D        | Reached XP level 3. HP: 31/36 MP: 4/4
   239 | D        | Learned a level 2 spell: Scorch
   249 | D        | Noticed a water moccasin
   249 | D        | Noticed Crazy Yiuf
   250 | D        | Noticed a wolf
   277 | D        | Killed a water moccasin
   278 | D        | Reached XP level 4. HP: 21/45 MP: 4/8
   278 | D        | Reached XP level 5. HP: 24/51 MP: 4/9
   285 | D        | Killed Crazy Yiuf
   295 | D        | Reached XP level 6. HP: 60/60 MP: 6/11
   446 | D        | Reached skill level 10 in Maces & Flails
   446 | D        | Reached skill level 5 in Armour
   447 | D        | Noticed a death yak
   460 | D        | Killed a death yak
   461 | D        | Reached skill level 5 in Spellcasting
   461 | D        | Reached XP level 7. HP: 56/71 MP: 12/15
   461 | D        | Reached XP level 8. HP: 63/79 MP: 12/16
   697 | D        | Noticed a sea snake
   697 | D        | Noticed a bog body
   709 | D        | Killed a sea snake
   710 | D        | Reached skill level 10 in Fighting
   710 | D        | Reached skill level 10 in Fire Magic
   715 | D        | Killed a bog body
   716 | D        | Reached skill level 10 in Armour
   716 | D        | Reached XP level 9. HP: 64/89 MP: 16/19
   733 | D        | Found the +7 lajatang of Order {silver, rMut}
   981 | D        | Reached skill level 1 in Staves
   989 | D        | Killed a shadow wraith
  1128 | D        | Noticed a cyclops
  1140 | D        | Killed a cyclops
  1141 | D        | Reached skill level 1 in Stealth
  1169 | D        | Found a radiant altar of Vehumet.
  1169 | D        | Found a corrupted altar of Lugonu.
  1169 | D        | Found a roughly hewn altar of Beogh.
  1170 | D        | Found a hide-covered altar of Uskayaw.
  1170 | D        | Found an ancient bone altar of Kikubaaqudgha.
  1170 | D        | Found a broken altar of Ashenzari.
  1175 | D        | Fell from the grace of Ignis
  1175 | D        | Became a worshipper of Warmaster Okawaru
  1289 | D        | Noticed a manticore
  1293 | D        | Noticed a red devil
  1299 | D        | Killed a manticore
  1300 | D        | Reached skill level 5 in Staves
  1304 | D        | Reached XP level 10. HP: 55/97 MP: 18/21
  1323 | D        | Reached * piety under Okawaru
  1352 | D        | Slain by a fire elemental

Illustrated notes

Levels and vault maps discovered:
D:        pitsprint [storerooms_1, entrance_room_1, metal_vault_1, armoury_1,
          mini_pit_1, grid_room_1, main_hall_1, silver_pit, the_coven_1,
          the_vestibule_1, steel_vault_3, golden_pit, hallway_of_sentries,
          crystal_vault_2, iron_vault_4, final_vault]

Skill      XL: |  1  2  3  4  5  6  7  8  9 10 |
---------------+-------------------------------+-----
Maces & Flails | 4 5 8 9 11 13 | 13.2
Fire Magic     | 4 5 7 8 9 10 | 10.6
Fighting       | 4 5 6 7 9 11 | 11.9
Armour         | 3 4 7 10 13 | 13.5
Spellcasting   | 2 3 5 6 7 |  7.9
Staves         | 5 7 |  7.2
Stealth        | 1 |  1.0
Invocations    | 2 3 |  3.5

Action                     |  1- 3 |  4- 6 |  7- 9 | 10-12 || total
---------------------------+-------+-------+-------+-------++-------
  Melee: Mace              |    20 |       |       |       ||    20
         Flail             |     1 |    36 |    32 |       ||    69
         Lajatang          |       |       |    20 |    34 ||    54
   Cast: Scorch            |       |       |     4 |       ||     4
 Invoke: Fiery Armour      |     1 |     1 |     1 |       ||     3
         Foxfire Swarm     |     1 |     3 |     2 |       ||     6
    Use: Potion            |     1 |     3 |     3 |     4 ||    11
 Armour: Robe              |    18 |       |       |       ||    18
         Chain mail        |    12 |    41 |    65 |    32 ||   150
  Dodge: Dodged            |    21 |    17 |    18 |     9 ||    65

Table legend: (Time is in decaauts)
 A = Elapsed time spent in this place.
 B = Non-inter-level travel time spent in this place.
 C = Inter-level travel time spent in this place.
 D = Time resting spent in this place.
 E = Time spent auto-exploring this place.
 F = Levels seen in this place.
 G = Mean time per level.
                   A        B        C        D        E       F      G
               +--------+--------+--------+--------+--------+-----+--------+
         Total |   1388 |   1338 |     50 |    709 |      0 |   1 | 1388.0 |
       Dungeon |   1388 |   1338 |     50 |    709 |      0 |   1 | 1388.0 |
               +--------+--------+--------+--------+--------+-----+--------+

Top non-repeatable levels by time:
       D: 1388 daAuts
